 Dungeon Crawl Stone Soup version 0.20-a0-441-g89e74e4 (webtiles) character file.

144 Kriby the Skirmisher (level 5, 0/46 HPs)
             Began as a Mummy Fighter on Jan 6, 2017.
             Slain by Crazy Yiuf
             ... wielding a +2 quarterstaff of chaos
              (3 damage)
             ... on level 2 of the Dungeon.
             The game lasted 00:01:22 (1659 turns).

Kriby the Skirmisher (Mummy Fighter)                Turns: 1659, Time: 00:01:23

Health: 0/46       AC:  6    Str: 20    XL:     5   Next: 5%
Magic:  5/5        EV:  2    Int:  8    God:
Gold:   114        SH:  0    Dex: 11    Spells: 4/4 levels left

rFire  x . .     SeeInvis .     g - +2 hand axe (venom)
rCold  + . .     Gourm    .     b - +0 scale mail
rNeg   + + +     Faith    .     c - +0 shield
rPois  ∞         Spirit   .     (no helmet)
rElec  .         Reflect  .     (no cloak)
rCorr  .         Harm     .     (no gloves)
MR     .....                    (no boots)
Stlth  ..........               (no amulet)
                                (no ring)
                                (no ring)

@: petrified, very slightly contaminated, hasted, invisible
A: no food or potions, fire vulnerability, cold resistance 1, negative energy
resistance 3, torment resistance, unbreathing
a: no special abilities


You were on level 2 of the Dungeon.
You were not hungry.

You visited 1 branch of the dungeon, and saw 2 of its levels.

You collected 114 gold pieces.

Inventory:

Hand Weapons
 a - a +0 rapier
 g - a +2 hand axe of venom (weapon)
Armour
 b - a +0 scale mail (worn)
 c - a +0 shield (worn)
Scrolls
 d - 2 scrolls of remove curse {unknown}
 e - 3 scrolls of identify {unknown}
 f - a scroll of random uselessness {unknown}
 h - a scroll of enchant weapon {unknown}
 i - a scroll of enchant armour {unknown}


   Skills:
 + Level 5.8 Fighting
 - Level 1.5 Short Blades
 - Level 2.4 Armour
 - Level 2.4 Shields


You had 4 spell levels left.
You didn't know any spells.

Dungeon Overview and Level Annotations

Branches:
Dungeon (2/15)

Altars:

Annotations:
D:2 Crazy Yiuf


Innate Abilities, Weirdness & Mutations

You do not eat or drink.
Your flesh is vulnerable to fire.
You are immune to poison.
Your flesh is cold resistant. (rC+)
You are immune to negative energy. (rN+++)
You are immune to unholy pain and torment.
You can survive without breathing.


Message History

Crazy Yiuf hits you with a quarterstaff of chaos.
Crazy Yiuf hits you with a quarterstaff of chaos!
You feel yourself speed up.
You are very lightly contaminated with residual magic.
You have turned to stone.
Crazy Yiuf hits you with a quarterstaff of chaos!
Crazy Yiuf freezes you.
Crazy Yiuf hits you with a quarterstaff of chaos!
You fade into invisibility!
Crazy Yiuf hits you with a quarterstaff of chaos!
* * * LOW HITPOINT WARNING * * *
Crazy Yiuf burns you.
* * * LOW HITPOINT WARNING * * *
Crazy Yiuf hits you with a quarterstaff of chaos!
* * * LOW HITPOINT WARNING * * *
Crazy Yiuf freezes you.
* * * LOW HITPOINT WARNING * * *
Crazy Yiuf screams, "Rifle!
Papa sing-song arga."
Crazy Yiuf hits you with a quarterstaff of chaos.
You die...

.............)#.!#
####.
............)(†.##
########....
...........######
#........###
...........#
##..#...##
...........# #####
##.####.####
#..........# #)..#
#..## #.....
##.........# #...#
#...########
#######.### #.g.#
###..## #.# #@#
####..###### ##.#
#.## #...........
#..# ##.#
######..#### #.##
#.## ##.#..[
####†## ##.#
#######.#...
#.....### ##.##
#..........#
#.(.....# ##...#
######.....#
#.....### #....#
###..##... #.....#
#....# ##.......#.


You could see Crazy Yiuf.

Vanquished Creatures
  Jessica (D:2)
  Natasha (twice) (D:2)
  Ijyb (D:2)
  A worm (D:2)
  2 giant cockroaches (D:2)
  5 goblins
  11 hobgoblins
  7 jackals
  3 kobolds (D:2)
  A quokka (D:2)
  3 bats
  2 frilled lizards (D:2)
  3 rats
42 creatures vanquished.

Notes
Turn   | Place    | Note
-------+----------+-------------------------------------------
     0 | D:1      | Kriby the Mummy Fighter began the quest for the Orb.
     0 | D:1      | Reached XP level 1. HP: 18/18 MP: 1/1
   373 | D:1      | Reached XP level 2. HP: 24/24 MP: 2/2
   831 | D:1      | Reached skill level 4 in Fighting
  1025 | D:2      | Found a runed door.
  1076 | D:2      | Noticed Ijyb
  1083 | D:2      | Killed Ijyb
  1083 | D:2      | Reached XP level 3. HP: 29/31 MP: 3/3
  1236 | D:2      | Noticed Jessica
  1243 | D:2      | Killed Jessica
  1243 | D:2      | Reached skill level 5 in Fighting
  1243 | D:2      | Reached XP level 4. HP: 30/39 MP: 4/4
  1461 | D:2      | Noticed Natasha
  1467 | D:2      | Killed Natasha
  1573 | D:2      | Noticed Natasha
  1579 | D:2      | Killed Natasha
  1579 | D:2      | Reached XP level 5. HP: 41/46 MP: 5/5
  1647 | D:2      | Noticed Crazy Yiuf
  1659 | D:2      | Slain by Crazy Yiuf

Vault maps used:
D:1:      lemuel_arrival_broad_hall, minmay_misc_feat_chi
D:2:      uniq_iyjb, uniq_natasha, uniq_crazy_yiuf_cottage, uniq_jessica

Skill      XL: |  1  2  3 |
---------------+----------+-----
Fighting       | 4 5 |  5.8
Short Blades   | |  1.5
Armour         | |  2.4
Shields        | |  2.4

Action                   |  1- 3 |  4- 6 || total
-------------------------+-------+-------++-------
Melee: Rapier            |    57 |       ||    57
       Hand axe          |    28 |    31 ||    59
Armor: Scale mail        |    36 |     9 ||    45
Dodge: Dodged            |    20 |     7 ||    27
Block: Shield            |    39 |    15 ||    54
